 Dungeon Crawl Stone Soup version 0.30-a0-672-gc3a7216ad8 (webtiles) character file.

Game seed: 2662972298482451839

100 Leeroy the Slasher (level 4, -4/26 HPs)
             Began as a Tengu Warper on Jan 18, 2023.
             Slain by Crazy Yiuf
             ... wielding a +3 quarterstaff of chaos
              (10 damage)
             ... on level 2 of the Dungeon.
             The game lasted 00:01:59 (1578 turns).

Leeroy the Slasher (Tengu Warper)                   Turns: 1578, Time: 00:02:00

Health: -4/26      AC:  5    Str: 11    XL:     4   Next: 74%
Magic:  8/8        EV: 12    Int: 13    God:
Gold:   44         SH:  5    Dex: 16    Spells: 7/7 levels left

rFire   . . .      SeeInvis .    i - +1 short sword (vamp)
rCold   . . .      Faith    .    (no shield)
rNeg    . . .      Spirit   .    b - +0 leather armour
rPois   .          Reflect  +    (helmet restricted)
rElec   .          Harm     .    s - +1 cloak
rCorr   .          Rampage  .    (no gloves)
Will    .....                    (boots unavailable)
Stlth   +                        g - amulet of reflection
HPRegen 0.24/turn                (no ring)
MPRegen 0.11/turn                (no ring)

@: no status effects
A: beak, talons 3
a: no special abilities


You were on level 2 of the Dungeon.
You visited 1 branch of the dungeon, and saw 2 of its levels.

You collected 44 gold pieces.

Inventory:

Hand Weapons
 a - a +0 falchion
 i - a +1 vampiric short sword (weapon)
 o - the +1 short sword of Radicalism {heavy, rCorr}
   (You found it on level 2 of the Dungeon)

   rCorr:     It protects you from acid and corrosion.
Missiles
 d - 6 boomerangs of dispersal (quivered)
Armour
 b - a +0 leather armour (worn)
 s - a +1 cloak (worn)
Jewellery
 g - an amulet of reflection (around neck)
Scrolls
 c - 2 scrolls of blinking
 e - a scroll of noise {unknown}
 h - 3 scrolls of teleportation {unknown}
 k - a scroll of vulnerability {unknown}
 r - a scroll of brand weapon {unknown}
Potions
 f - a potion of resistance {unknown}
 j - a potion of magic {unknown}
 l - a potion of heal wounds {unknown}
 m - 3 potions of haste {unknown}
 n - a potion of mutation {unknown}
 p - a potion of curing {unknown}
 q - a potion of attraction {unknown}


   Skills:
 - Level 2.0 Fighting
 + Level 5.2 Long Blades
 - Level 1.0 Throwing
 - Level 1.1 Armour
 - Level 2.1 Dodging
 - Level 0.2 Shields
 - Level 2.0 Spellcasting
 - Level 2.4 Translocations


You had 7 spell levels left.
You didn't know any spells.
Your spell library contained the following spells:

 Spells                   Type           Power      Damage    Failure   Level
 Blink                    Tloc           14%        N/A       19%         2
 Lesser Beckoning         Tloc           14%        N/A       19%         2
 Necrotise                Necr           4%         1d4       32%         1
 Teleport Other           Tloc           7%         N/A       36%         3
 Vhi's Electric Charge    Tloc/Air       8%         N/A       52%         3
 Vampiric Draining        Necr           1%         2d6       69%         3
 Manifold Assault         Tloc           7%         N/A       77%         4
 Agony                    Necr           1%         N/A       100%        5


Dungeon Overview and Level Annotations

Branches:
Dungeon (2/15)

Altars:

Annotations:
D:2 Crazy Yiuf


Innate Abilities, Weirdness & Mutations

You have a beak for a mouth.
You have claws for feet.


Message History

You finish putting on your +1 cloak.
An adder comes into view.
Found 3 stones.
An adder is nearby!
An adder is nearby!
The helpless adder fails to defend itself.
You puncture the adder! Your kick misses the adder. Your peck misses the adder.
The adder is severely wounded.
The adder closely misses you.
You hit the adder.
You kill the adder!
No target in view!
No target in view!
No target in view!
You see here an adder corpse.
You see here 3 stones.
Found a hammer.
Found a hammer.
No target in view!
Found a hammer.
You see here a +0 hammer.
Found seven hammers.
Found a runed translucent door.
You see here a +0 hammer.
Found a hammer.
You see here a +0 hammer.
No reachable target in view!
Crazy Yiuf shouts!
You see here a +0 hammer.
Found two hammers and a runed hammer.
You see here a +0 hammer.
You open the door. You barely miss Crazy Yiuf. You claw Crazy Yiuf.
Crazy Yiuf is lightly wounded.
Crazy Yiuf hits you with a +3 quarterstaff of chaos!
You are electrocuted!
* * * LOW HITPOINT WARNING * * *
You hit Crazy Yiuf. Your peck misses Crazy Yiuf.
Crazy Yiuf is moderately wounded.
Crazy Yiuf hits you with a +3 quarterstaff of chaos!
You die...

≈≈≈≈≈~.#####.........# #.#.
######.#####.........#########.#.
.....#..........................>
##.###..################....†..#.
.#.#)..# #.#####...
.#.#.#####♣♣♣♣♣ #.#......#
.....###...)♣)♣♣♣ ### #.#.###..#
##..........)♣))♣#)))# #.# ##..#
#.###......♣♣♣♣@g)).# #.# #...#
##.# ##....♣♣ ♣♣#)))# #......#.#
≈#.#######♣♣ ### #...####.#
§#......# #.# #.# .'.###### # #.#
.'.# ####### #.# ≈###
#####..##.###### #.# ≈#
.......##.#....###.# ## ###
#...##.#.##...#.#


You could see Crazy Yiuf.

Vanquished Creatures
  Terence (D:2)
  2 adders (D:2)
  2 worms (D:2)
  4 dart slugs
  4 endoplasms
  A giant cockroach (D:1)
  2 goblins
  5 hobgoblins
  2 jackals (D:2)
  2 quokkas
  2 ball pythons
  6 bats
  2 frilled lizards (D:2)
  3 kobolds
  5 rats
43 creatures vanquished.

Notes
Turn   | Place    | Note
-------+----------+-------------------------------------------
     0 | D:1      | Leeroy the Tengu Warper began the quest for the Orb.
     0 | D:1      | Reached XP level 1. HP: 12/12 MP: 4/4
   117 | D:1      | Reached skill level 3 in Long Blades
   117 | D:1      | Reached XP level 2. HP: 17/17 MP: 6/6
   566 | D:1      | Reached XP level 3. HP: 16/21 MP: 7/7
   956 | D:2      | Reached skill level 4 in Long Blades
   988 | D:2      | Identified the +1 short sword of Radicalism {heavy, rCorr}
  1036 | D:2      | Noticed Terence
  1141 | D:2      | Killed Terence
  1142 | D:2      | Reached XP level 4. HP: 20/26 MP: 8/8
  1306 | D:2      | Found a faded altar of an unknown god.
  1309 | D:2      | Reached skill level 5 in Long Blades
  1572 | D:2      | Found a runed translucent door.
  1573 | D:2      | Noticed Crazy Yiuf
  1578 | D:2      | Slain by Crazy Yiuf

Illustrated notes

Levels and vault maps discovered:
D:1:      nagdon_arrival_zigzag_paths, layout_basic, minmay_close_crescents
D:2:      layout_basic, ebering_ecumenical_altar_sacrificial,
          serial_corexii_hall, corexii_hall_statues_u, corexii_hall_statues_x,
          grunt_decor_cap, kennysheep_generic_room_12, uniq_terence,
          uniq_crazy_yiuf_cottage

Skill      XL: |  1  2  3  4 |
---------------+-------------+-----
Long Blades    | 3 4 5 |  5.2
Fighting       | |  2.0
Throwing       | |  1.0
Armour         | |  1.1
Dodging        | |  2.1
Shields        | |  0.2
Spellcasting   | |  2.0
Translocations | |  2.4

Action                   |  1- 3 |  4- 6 || total
-------------------------+-------+-------++-------
Melee: Falchion          |    43 |       ||    43
       Kick              |    28 |     7 ||    35
       Peck              |     9 |     4 ||    13
       Punch             |     1 |       ||     1
       Short sword       |    38 |    22 ||    60
Throw: Boomerang         |     1 |       ||     1
 Stab: Sleeping          |     2 |     3 ||     5
Armor: Leather armour    |    24 |     5 ||    29
Dodge: Dodged            |    51 |     9 ||    60
Block: Other             |    23 |     2 ||    25

Table legend: (Time is in decaauts)
 A = Elapsed time spent in this place.
 B = Non-inter-level travel time spent in this place.
 C = Inter-level travel time spent in this place.
 D = Time resting spent in this place.
 E = Time spent auto-exploring this place.
 F = Levels seen in this place.
 G = Mean time per level.
                   A        B        C        D        E       F      G
               +--------+--------+--------+--------+--------+-----+--------+
         Total |   1583 |   1524 |     59 |     37 |   1156 |   2 |  791.5 |
       Dungeon |   1583 |   1524 |     59 |     37 |   1156 |   2 |  791.5 |
               +--------+--------+--------+--------+--------+-----+--------+

Top non-repeatable levels by time:
     D:1: 904 daAuts
     D:2: 679 daAuts
